 Dungeon Crawl Stone Soup version 0.27.1 (webtiles) character file.

Game seed: 18036714874614653769

1403 Gwenloh the Spear-Bearer (level 8, -5/44 HPs)
             Began as a Gargoyle Gladiator on Aug 25, 2021.
             Slain by Duvessa (9 damage)
             ... on level 4 of the Dungeon.
             The game lasted 00:12:13 (5253 turns).

Gwenloh the Spear-Bearer (Gargoyle Gladiator)       Turns: 5253, Time: 00:12:14

Health: -5/44      AC: 10    Str: 17    XL:     8   Next: 69%
Magic:  8/8        EV: 12    Int: 10    God:
Gold:   267        SH:  0    Dex: 13    Spells: 7/7 levels left

rFire    . . .     SeeInvis .   a - +1 demon trident (pain)
rCold    . . .     Faith    .   (no shield)
rNeg     + . .     Spirit   .   i - +0 leather armour
rPois    ∞         Reflect  .   c - +0 helmet
rElec    +         Harm     .   (no cloak)
rCorr    .         Rampage  .   (no gloves)
Will     .....                  s - +0 pair of boots
Stlth    +.........             y - amulet of regeneration
HPRegen  1.14/turn              (no ring)
MPRegen  0.11/turn              (no ring)

@: no status effects
A: sickness immunity, AC +5, negative energy resistance 1, electricity
resistance, torment resistance 1, petrification resistance
a: no special abilities


You were on level 4 of the Dungeon.
You visited 1 branch of the dungeon, and saw 6 of its levels.

You collected 267 gold pieces.

Inventory:

Hand Weapons
 a - a +1 demon trident of pain (weapon)
 b - a +0 hunting sling
 p - a +0 flail
Missiles
 d - 3 throwing nets (quivered)
 e - 69 sling bullets
 g - 187 stones
 t - 25 bolts
Armour
 c - a +0 helmet (worn)
 i - a +0 leather armour (worn)
 s - a +0 pair of boots (worn)
Jewellery
 y - an amulet of regeneration (around neck)
Wands
 z - a wand of flame (10)
Scrolls
 h - 3 scrolls of enchant weapon {unknown}
 j - 2 scrolls of identify {unknown}
 k - 2 scrolls of magic mapping {unknown}
 l - 2 scrolls of teleportation {unknown}
 n - 2 scrolls of summoning {unknown}
 o - 3 scrolls of immolation {unknown}
 u - 2 scrolls of blinking {unknown}
 w - a scroll of noise {unknown}
 A - a scroll of acquirement {unknown}
Potions
 f - a potion of might {unknown}
 m - 4 potions of curing {unknown}
 q - 3 potions of lignification {unknown}
 r - a potion of degeneration {unknown}
 v - a potion of magic {unknown}
 x - a potion of mutation {unknown}
 B - a potion of attraction {unknown}


   Skills:
 - Level 2.1 Fighting
 - Level 4.1 Maces & Flails
 + Level 9.1 Polearms
 - Level 1.7 Throwing
 - Level 2.4 Dodging


You had 7 spell levels left.
You didn't know any spells.
Your spell library contained the following spells:

 Spells                   Type           Power      Damage    Failure   Level
 Static Discharge         Conj/Air       0%         N/A       56%         2
 Dispel Undead            Necr           0%         3d6       99%         4
 Sticky Flame             Conj/Fire      0%         2d3       99%         4


Dungeon Overview and Level Annotations

Branches:
Dungeon (6/15)
 Temple: D:4-7

Altars:

Shops:
D:1 *   D:6 *

Annotations:
D:4 Duvessa


Innate Abilities, Weirdness & Mutations

You are immune to sickness and miasma.
Your stone body is resilient. (AC +5)
You are immune to poison.
You resist negative energy. (rN+)
You are resistant to electric shocks. (rElec)
You are resistant to unholy torment.
You are immune to petrification.


Message History

You miss something. Something hits you but does no damage.
You puncture something!
Reactivating autopickup.
You feel a bit more experienced.
Things that are here:
a +0 dagger; a +0 robe; an orc corpse You start resting.
HP restored.
You see here a +0 whip.
Found an escape hatch in the ceiling.
There is an open door here.
b - a +0 hunting sling (weapon)
Duvessa shouts!
Duvessa goes berserk!
Duvessa rages.
You hear a shout!
You shoot a sling bullet. The sling bullet barely misses Duvessa.
You shoot a sling bullet.
The sling bullet hits Duvessa but does no damage.
You have a feeling of ineptitude.
a - a +1 demon trident of pain (weapon)
An orc priest comes into view. It is wielding a +0 club.
The orc priest shouts!
Duvessa hits you with a +0 rapier!
There is an open door here.
You puncture Duvessa!
Duvessa is moderately wounded.
Duvessa hits you with a +0 rapier!
You are too injured to fight recklessly!
You are too injured to fight recklessly!
You barely miss Duvessa.
Duvessa is moderately wounded.
Duvessa hits you with a +0 rapier!
* * * LOW HITPOINT WARNING * * *
Duvessa hits you with a +0 rapier.
* * * LOW HITPOINT WARNING * * *
You puncture Duvessa!
Duvessa is heavily wounded.
Duvessa hits you with a +0 rapier!
You die...

###.#.......# #.# #.#
#.###....## ####.##### #.#
###.# #....#
#.....[>.######.# ....#
####'# #.##...)......#.##
#.### ##...#
#.##...)).###.#... (#
#....o# #.###.##).###.....
o
(......##.............###.
.......o####.......##.###.
....(...e@................
........####.......##.##..
.......## #..#.##.##.##..
#<....# #..#.##.##.##..
##...# #..#.##.##.##..
##'# #.............. #.
####.########.# # #. #.#
#.#


You could see Duvessa (berserk), an orc priest and an orc.

Vanquished Creatures
  A black bear (D:6)
  A necrophage (D:4)
  An ogre (D:4)
  A centaur (D:6)
  2 scorpions (D:6)
  Dowan (D:4)
  A bullfrog zombie (D:5)
  2 hounds
  2 centaur zombies (D:6)
  3 jellies
  Ijyb (D:5)
  2 bullfrog skeletons (D:6)
  An iguana (D:6)
  An orc wizard (D:4)
  7 gnolls
  6 adders
  A white imp (D:5)
  An ufetubus (D:5)
  An adder skeleton (D:4)
  A dart slug (D:3)
  6 endoplasms
  2 giant cockroaches (D:1)
  5 goblins
  5 hobgoblins
  7 jackals
  6 kobolds
  2 quokkas
  7 ball pythons
  8 bats
  2 frilled lizards
  6 rats
93 creatures vanquished.

Notes
Turn   | Place    | Note
-------+----------+-------------------------------------------
     0 | D:1      | Gwenloh the Gargoyle Gladiator began the quest for the Orb.
     0 | D:1      | Reached XP level 1. HP: 12/12 MP: 1/1
   254 | D:1      | Reached XP level 2. HP: 16/17 MP: 2/2
   358 | D:1      | Found Loidd's Assorted Antiques.
  1364 | D:2      | Reached XP level 3. HP: 21/21 MP: 3/3
  2004 | D:3      | Reached skill level 1 in Polearms
  2274 | D:3      | Reached XP level 4. HP: 26/26 MP: 4/4
  2513 | D:3      | Reached skill level 2 in Polearms
  2617 | D:3      | You fall into a shaft and drop 3 floors!
  2732 | D:6      | Found Setes's Gadget Gallery.
  2772 | D:6      | Reached skill level 3 in Polearms
  2772 | D:6      | Reached XP level 5. HP: 28/30 MP: 5/5
  2889 | D:6      | Reached skill level 4 in Polearms
  2981 | D:6      | Reached XP level 6. HP: 30/35 MP: 6/6
  3069 | D:6      | Reached skill level 6 in Polearms
  3069 | D:6      | Reached XP level 7. HP: 19/40 MP: 7/7
  3672 | D:5      | Entered Level 5 of the Dungeon
  3672 | D:5      | Noticed Ijyb
  3676 | D:5      | Reached skill level 7 in Polearms
  3916 | D:6      | Reached XP level 8. HP: 39/44 MP: 8/8
  4507 | D:5      | Reached skill level 8 in Polearms
  4530 | D:5      | Killed Ijyb
  4698 | D:4      | Noticed Dowan
  4698 | D:4      | Noticed Duvessa
  4712 | D:4      | Killed Dowan
  5184 | D:5      | Reached skill level 9 in Polearms
  5253 | D:4      | Slain by Duvessa

Illustrated notes

Levels and vault maps discovered:
D:1:      elethiomel_arrival_fortress_basement, layout_loops_ring, serial_shops,
          shop
D:2:      layout_loops_ring, minivault_4
D:3:      layout_basic, roderic_lattice_a
D:4:      layout_loops_corners, ebering_dispersal_statue_hall,
          chequers_serial_rivers_large_b, uniq_duvessa, uniq_menkaure
D:5:      layout_rooms, cheibrodos_ashenzari_chains,
          nicolae_dithmenos_the_darkroom, minmay_temple_entry_mini_moons,
          serial_shops, nicolae_shop_crystal, lemuel_flamethrower_2, uniq_ijyb
D:6:      layout_loops_corners, nicolae_shop_gadgets

Skill      XL: |  1  2  3  4  5  6  7  8 |
---------------+-------------------------+-----
Maces & Flails | 4 |  4.1
Polearms       | 1 3 4 6 7 9 |  9.1
Fighting       | |  2.1
Throwing       | |  1.7
Dodging        | |  2.4

Action                   |  1- 3 |  4- 6 |  7- 9 || total
-------------------------+-------+-------+-------++-------
Melee: Flail             |    66 |       |       ||    66
       Demon trident     |    20 |    56 |   143 ||   219
 Fire: Hunting sling     |    61 |    14 |    40 ||   115
Armor: Leather armour    |    56 |    40 |    63 ||   159
Dodge: Dodged            |    86 |    40 |    94 ||   220
